 Dungeon Crawl Stone Soup version 0.29.0-15-g675c0067aa (webtiles) character file.

Game seed: 8425214623115011533

406 Persephone the Cleaver (level 6, -5/52 HPs)
             Began as a Hill Orc Fighter on Sept 11, 2022.
             Killed by an exploding adder (32 damage)
             ... ignited by their inner flame
             ... on level 5 of the Dungeon.
             The game lasted 00:04:31 (3683 turns).

Persephone the Cleaver (Hill Orc Fighter)           Turns: 3683, Time: 00:04:32

Health: -5/52      AC: 11    Str: 21    XL:     6   Next: 87%
Magic:  6/6        EV:  9    Int:  8    God:
Gold:   216        SH:  4    Dex: 10    Spells: 5/5 levels left

rFire   . . .      SeeInvis .   a - +0 war axe
rCold   . . .      Faith    .   c - +0 buckler
rNeg    . . .      Spirit   .   b - +0 scale mail
rPois   .          Reflect  .   n - +1 helmet
rElec   .          Harm     .   (no cloak)
rCorr   .          Rampage  .   e - +0 pair of gloves
Will    .....                   y - +0 pair of boots
Stlth   ..........              (no amulet)
HPRegen 0.17/turn               (no ring)
MPRegen 0.10/turn               (no ring)

@: no status effects
A: no striking features
a: no special abilities


You were on level 5 of the Dungeon.
You visited 1 branch of the dungeon, and saw 5 of its levels.

You collected 216 gold pieces.

Inventory:

Hand Weapons
 a - a +0 war axe (weapon)
Armour
 b - a +0 scale mail (worn)
 c - a +0 buckler (worn)
 e - a +0 pair of gloves (worn)
 n - a +1 helmet (worn)
 y - a +0 pair of boots (worn)
Jewellery
 q - a ring of magical power
Wands
 r - a wand of flame (14)
Scrolls
 f - 2 scrolls of poison
 g - a scroll of enchant armour
 i - a scroll of summoning
 j - a scroll of butterflies
 m - a scroll of amnesia {unknown}
 p - a scroll of blinking {unknown}
 t - a scroll of magic mapping {unknown}
 u - a scroll of noise {unknown}
 v - 2 scrolls of teleportation {unknown}
 z - a scroll of vulnerability {unknown}
 B - a scroll of identify {unknown}
Potions
 d - 2 potions of might
 h - a potion of attraction {unknown}
 k - a potion of brilliance {unknown}
 o - a potion of haste {unknown}
 s - a potion of degeneration {unknown}
 w - 2 potions of curing {unknown}
 x - a potion of cancellation {unknown}
 A - a potion of flight {unknown}


   Skills:
 - Level 3.7 Fighting
 + Level 9.2 Axes
 - Level 3.3 Armour
 - Level 3.4 Shields


You had 5 spell levels left.
You didn't know any spells.
Your spell library contained the following spells:

 Spells                   Type           Power      Damage    Failure   Level
 Sandblast                Erth           0%         2d4       83%         1
 Sting                    Tmut/Pois      0%         1d3       83%         1
 Passwall                 Tmut/Erth      0%         N/A       93%         2
 Poisonous Vapours        Pois/Air       0%         N/A       93%         2
 Stone Arrow              Conj/Erth      0%         3d7       99%         3
 Olgreb's Toxic Radiance  Pois           0%         N/A       100%        4
 Passage of Golubria      Tloc           0%         N/A       100%        4
 Silence                  Hex/Air        0%         N/A       100%        5
 Lehudib's Crystal Spear  Conj/Erth      0%         10d2      100%        8


Dungeon Overview and Level Annotations

Branches:
Dungeon (5/15)
 Temple: D:4-7

Altars:
Cheibriados
Nemelex Xobeh
Yredelemnul


Message History

The air fills with toxic fumes!
As you read the scroll labelled VITOWO OSETZ, it crumbles to dust.
It was a scroll of poison.
As you read the scroll labelled IWOMEU CY YMU, it crumbles to dust.
It is a scroll of enchant armour.
Your +0 helmet glows green for a moment.
As you read the scroll labelled CIRI LUCKEJA, it crumbles to dust.
Wisps of shadow whirl around you...
It was a scroll of summoning.
As you read the scroll labelled SUOHONK ZOCSUCW, it crumbles to dust.
You hear the tinkle of a tiny bell.
It was a scroll of butterflies.
Your adder is poisoned.
Your howler monkey is engulfed in poison gas.
Your howler monkey is poisoned.
Your iguana is engulfed in poison gas.
Your iguana is poisoned.
As you read the scroll labelled YCWESKEPHAM, it crumbles to dust.
The creatures around you are filled with an inner flame!
It was a scroll of immolation.
Flame seeps out of your adder. Flame seeps out of your howler monkey.
Flame seeps out of your iguana.
Your butterfly is engulfed in poison gas.
Your butterfly is poisoned.
Your butterfly disappears in a burst of colours!
Your butterfly explodes!
The fiery explosion engulfs your howler monkey!!
Your howler monkey's corpse dissolves into shadows!
The fiery explosion engulfs your butterfly!
Your butterfly disappears in a burst of colours!
The fiery explosion engulfs your butterfly!
Your butterfly disappears in a burst of colours!
The fiery explosion engulfs you!!
The fiery explosion engulfs your butterfly!!
Your butterfly disappears in a burst of colours!
The fiery explosion engulfs your adder!
Your adder's corpse dissolves into shadows!
Your adder explodes!
The fiery explosion engulfs your butterfly!!!
Your butterfly disappears in a burst of colours!
The fiery explosion engulfs you!!
Ouch! That really hurt!
You die...

#####§§§§§§
#§#§§§§§§§
§§§§§§§§§§
§§§§§§§§§### #
§§§§§§§§§#§##
#§§§§§b§§§§#
#§#§b§§§§§§§§§
#§§§b§@§b§§§§§
#§§§bl§§§§§§§§
#§§#§bbbb§§§§§
§§§
##§§§§§§§§§ §
#§§§§§§§#§
§§§§§§§§§§
§§§§§§§§§#
§§§§§§§§§§#


You could see a friendly iguana (summoned, inner flame, poisoned).

Vanquished Creatures
  An ice beast (D:4)
  An ogre (D:4)
  Natasha (thrice) (D:2)
  A hound zombie (D:3)
  Robin (D:3)
  A gnoll (D:1)
  2 adders
  An adder skeleton (D:3)
  A worm (D:3)
  3 dart slugs
  5 orcs (D:4)
  6 bats
  7 endoplasms
  11 goblins
  10 hobgoblins
  5 jackals (D:1)
  4 quokkas
  8 ball pythons
  A ball python skeleton (D:3)
  2 frilled lizards
  5 kobolds
  5 rats
84 creatures vanquished.

Notes
Turn   | Place    | Note
-------+----------+-------------------------------------------
     0 | D:1      | Persephone the Hill Orc Fighter began the quest for the
                  | Orb.
     0 | D:1      | Reached XP level 1. HP: 19/19 MP: 1/1
   117 | D:1      | Reached skill level 3 in Axes
   127 | D:1      | Reached XP level 2. HP: 24/27 MP: 2/2
   194 | D:1      | Found a faded altar of an unknown god.
   432 | D:1      | Reached skill level 4 in Axes
   504 | D:1      | Reached XP level 3. HP: 33/33 MP: 3/3
  1160 | D:2      | Reached skill level 5 in Axes
  1320 | D:2      | Reached XP level 4. HP: 35/40 MP: 4/4
  1374 | D:2      | Noticed Natasha
  1380 | D:2      | Killed Natasha
  1552 | D:2      | Noticed Natasha
  1558 | D:2      | Killed Natasha
  1559 | D:2      | Reached skill level 6 in Axes
  1831 | D:2      | Noticed Natasha
  1841 | D:2      | Killed Natasha
  1842 | D:2      | Reached XP level 5. HP: 21/46 MP: 5/5
  2059 | D:3      | Noticed Robin
  2078 | D:3      | Killed Robin
  2082 | D:3      | Reached skill level 7 in Axes
  2445 | D:3      | Found a basalt altar of Yredelemnul.
  2896 | D:4      | Found a snail-covered altar of Cheibriados.
  3012 | D:4      | Noticed an ogre
  3013 | D:4      | Found a sparkling altar of Nemelex Xobeh.
  3019 | D:4      | Killed an ogre
  3020 | D:4      | Reached skill level 8 in Axes
  3020 | D:4      | Reached XP level 6. HP: 30/52 MP: 6/6
  3301 | D:4      | Noticed an ice beast
  3314 | D:4      | Killed an ice beast
  3315 | D:4      | Reached skill level 9 in Axes
  3678 | D:5      | Entered Level 5 of the Dungeon
  3683 | D:5      | Killed by an exploding adder... ignited by their inner
                  | flame

Illustrated notes

Levels and vault maps discovered:
D:1:      saegor_arrival_simple_e, layout_rooms,
          ebering_ecumenical_altar_sacrificial, roderic_lattice_a
D:2:      layout_rooms, uniq_natasha
D:3:      layout_basic, amcnicky_altar_gilded, serial_undead, serial_undead_b,
          serial_undead_a, serial_undead_b, serial_undead_d, uniq_robin
D:4:      layout_rooms, kennysheep_slug_shrine, lemuel_doored_altar
D:5:      layout_cave_pools, ebering_ghost_reflecting_pool

Skill      XL: |  1  2  3  4  5  6 |
---------------+-------------------+-----
Axes           | 3 4 5 6 8 9 |  9.2
Fighting       | |  3.7
Armour         | |  3.3
Shields        | |  3.4

Action                   |  1- 3 |  4- 6 || total
-------------------------+-------+-------++-------
Melee: War axe           |   109 |   153 ||   262
  Use: Scroll            |       |     5 ||     5
Armor: Scale mail        |    54 |    71 ||   125
Dodge: Dodged            |    56 |    55 ||   111
Block: Buckler           |    29 |    25 ||    54
